 Dungeon Crawl Stone Soup version 0.20.0-8-g6b59dc7 (webtiles) character file.

158736 joejoepie the Peltast (level 17, -4/159 HPs)
             Began as a Deep Dwarf Fighter on May 30, 2017.
             Was the Champion of Makhleb.
             Killed from afar by a deep elf mage (26 damage)
             ... with a bolt of lightning
             ... on level 2 of the Elven Halls on May 31, 2017.
             The game lasted 03:33:12 (25994 turns).

joejoepie the Peltast (Deep Dwarf Fighter)         Turns: 25994, Time: 03:33:13

Health: -4/159     AC: 31    Str: 29    XL:     17   Next: 14%
Magic:  17/17      EV: 14    Int:  9    God:    Makhleb [******]
Gold:   1212       SH: 35    Dex: 22    Spells: 16/16 levels left

rFire    + + +     SeeInvis .   a - +7 flail (protect)
rCold    + . .     Gourm    .   W - +6 large shield of Zyugg {rF++ Regen+ Dex+3 Stlth+}
rNeg     + . .     Faith    .   X - +0 plate armour of Jyduset {MP+9 Str+2 Dex+4}
rPois    +         Spirit   .   z - +2 helmet
rElec    .         Reflect  +   l - +0 cloak {rF+}
rCorr    +         Harm     .   F - +1 pair of gloves of Edeusac {*Slow rF+ rC+ rCorr}
MR       ++...                  L - +0 pair of boots {run}
Stlth    ..........             r - +4 amulet of reflection
Regen    0.0/turn               M - ring "Hunogg" {rPois EV+2 Dex+3}
MPRegen  0.2/turn               q - +5 ring of protection

@: non-regenerating, quick
A: damage resistance, heal wounds, talons 1, thin metallic scales 1, camouflage
1, negative energy resistance 1, sense surroundings 2, no regeneration
a: Heal Wounds, Minor Destruction, Lesser Servant of Makhleb, Major Destruction,
Greater Servant of Makhleb, Renounce Religion


You were on level 2 of the Elven Halls.
You worshipped Makhleb.
Makhleb was exalted by your worship.
You were hungry.

You visited 8 branches of the dungeon, and saw 30 of its levels.
You also visited: Volcano.

You collected 3220 gold pieces.
You spent 2008 gold pieces at shops.

Inventory:

Hand Weapons
 a - a +7 flail of protection (weapon)
 b - a +0 hand crossbow
 g - the +8 flail of Satyriasis {crush, Dex+2}
   (You found it on level 14 of the Dungeon)

   It inflicts extra damage upon your enemies.
   It affects your dexterity (+2).
 h - a +3 battleaxe
 s - a +3 war axe of freezing
Missiles
 o - 33 tomahawks (quivered)
 u - 262 bolts
Armour
 l - a +0 cloak of fire resistance (worn)
 v - the +4 chain mail of Ennui {rN++ Int+8}
   (You found it on level 5 of the Dungeon)

   It affects your intelligence (+8).
   It greatly protects you from negative energy.
 z - a +2 helmet (worn)
 F - the +1 pair of gloves of Edeusac (worn) {*Slow rF+ rC+ rCorr}
   (You found it on level 4 of the Lair of Beasts)

   It protects you from fire.
   It protects you from cold.
   It protects you from acid and corrosion.
   It may slow you when you take damage.
 L - a +0 pair of boots of running (worn)
 W - the +6 large shield of Zyugg (worn) {rF++ Regen+ Dex+3 Stlth+}
   (You bought it in a shop on level 11 of the Dungeon)

   It affects your dexterity (+3).
   It greatly protects you from fire.
   It increases your rate of regeneration.
   It makes you more stealthy.
 X - the +0 plate armour of Jyduset (worn) {MP+9 Str+2 Dex+4}
   (You bought it in a shop on level 2 of the Orcish Mines)

   It affects your strength (+2).
   It affects your dexterity (+4).
   It affects your magic capacity (+9).
 Z - a +2 scale mail of fire resistance
Jewellery
 c - an uncursed ring of see invisible
 d - an uncursed amulet of the gourmand
 m - a +3 ring of strength
 q - a +5 ring of protection (right hand)
 r - a +4 amulet of reflection (around neck)
 w - an uncursed ring of flight
 D - an uncursed amulet of faith
 E - an uncursed ring of protection from fire
 I - an uncursed ring of resist corrosion
 K - an uncursed ring of protection from magic
 M - the ring "Hunogg" (left hand) {rPois EV+2 Dex+3}
   (You took it off an orc sorcerer on level 8 of the Dungeon)

   [ring of evasion]

   It affects your evasion (+2).
   It affects your dexterity (+3).
   It protects you from poison.
Scrolls
 j - 11 scrolls of remove curse
 k - a scroll of blinking
 n - 6 scrolls of identify
 x - a scroll of amnesia
 y - a scroll of enchant armour
 B - 4 scrolls of magic mapping
 P - 4 scrolls of recharging
 Q - 4 scrolls of teleportation
 U - 2 scrolls of fog
Potions
 e - 2 potions of agility
 i - a potion of berserk rage
 t - 9 potions of curing
 A - 8 potions of flight
 C - 4 potions of cancellation
 O - a potion of heal wounds
 S - 2 potions of haste
Miscellaneous
 V - a sack of spiders
Comestibles
 f - 8 bread rations
 p - 24 royal jellies
 J - 12 meat rations
 Y - 26 fruits


   Skills:
 + Level 11.7 Fighting
 + Level 4.4(12.3) Axes
 + Level 15.9(16.0) Maces & Flails
 + Level 1.4 Crossbows
 + Level 3.3 Throwing
 + Level 12.0 Armour
 + Level 6.9 Dodging
 + Level 2.4 Stealth
 + Level 20.2 Shields
 + Level 1.8 Invocations
 + Level 0.3 Evocations


You had 16 spell levels left.
You didn't know any spells.

Dungeon Overview and Level Annotations

Branches:
Dungeon (15/15)            Temple (1/1) D:4            Lair (6/6) D:10
 Shoals (1/4) Lair:4       Spider (1/4) Lair:2        Slime (1/5) Lair:6
    Orc (2/2) D:10            Elf (3/3) Orc:2        Vaults (0/5) D:14
 Depths (0/5) D:15

Altars:
Ashenzari
Cheibriados
Dithmenos
Elyvilon
Fedhas
Gozag
Hepliaklqana
Kikubaaqudgha
Makhleb
Nemelex Xobeh
Okawaru
Qazlal
Ru
Sif Muna
Trog
Uskayaw
Vehumet
Xom
Yredelemnul
Zin
The Shining One
Beogh
Jiyva

Shops:
D:9 *   D:11 %[*%:   Orc:2 %((*[

Portals:
Trove: Elf:3 (give +4 ice dragon scales)
Ice
Cave: Elf:1

Annotations:
D:5 !Loot, but dangerous electric eels in water, Prince Ribbit
D:11 Snorg
Elf:1 exclusion: ice statue


Innate Abilities, Weirdness & Mutations

You are resistant to damage.
You can heal yourself by infusing magical energy.
You resist negative energy. (rN+)
You passively map the area around you.
You do not regenerate.
You have sharp toenails.
You are partially covered in thin metallic scales. (AC +2)
Your skin changes colour to match your surroundings (Stealth+).


Message History

The deep elf archer shoots an arrow.
You reflect the arrow off an invisible shield around you!
The arrow hits the deep elf archer!!
The deep elf archer dies!
The deep elf mage mumbles some strange words.
The deep elf mage blinks!
The deep elf mage points at you and mumbles some strange words.
The bolt of lightning hits you!
* * * LOW HITPOINT WARNING * * *
Throwing (i - inventory):
o - 33 tomahawks (quivered)
Press: ? - help, Shift-Dir - straight line, f - deep elf mage
Aim: a deep elf mage, wielding a dagger (severely wounded)
Okay, then.
You feel much better.
The deep elf mage points at you and mumbles some strange words.
The bolt of lightning hits you!
* * * LOW HITPOINT WARNING * * *
The deep elf mage points at you and mumbles some strange words.
The bolt of lightning hits you!
You die...

......##.####.####.# #.##
.......'...........# #..#
.......'.......##### #..#
......#######e.# #..# ....)##
##''## #### #..# ##+###
##....####..## #..# #.#
##......##....## #..# #.#
##.......)#....(## #..# #.#
#.......@.....[.)#####..# ##.##
#........)..>e.)(.'.....#
....#####.................'.....#
........'...........).....#######
#########................##
##..............##
##.......#....## ##(....###..##
####### ####


You could see 2 deep elf magi.

Vanquished Creatures
  Bai Suzhen (Elf:3)
  Roxanne (Elf:3)
  An orc warlord (Elf:2)
  The ghost of Nico3ck the Champion of Chaos, a journeyman FoFi of Makhleb (Orc:2)
  A dire elephant (Lair:6)
  Nessos (Lair:6)
  A vault guard (D:14)
  5 hydras
  Harold (Lair:1)
  3 ice dragons
  A catoblepas (Lair:6)
  2 centaur warriors
  10 two-headed ogres
  24 dancing weapons
  5 orc high priests
  The ghost of bananaglory the Thaumaturge, a journeyman DEFE of Sif Muna (D:11)
  8 death yaks (Lair:6)
  A hell knight (Volcano)
  12 deep elf knights
  5 skeletal warriors (D:14)
  A fire crab (D:15)
  2 unseen horrors
  5 wizards
  14 orc knights
  7 deep elf archers
  9 orc sorcerers
  48 deep elf magi
  A necromancer (D:14)
  3 cyclopes
  2 manticores (Lair:6)
  4 ugly things
  Maurice (D:13)
  6 elephants
  A black mamba (shapeshifter) (Orc:2)
  7 black mambas
  2 molten gargoyles (Volcano)
  3 torpor snails (Lair:6)
  A merfolk siren (Lair:4)
  A gargoyle (D:14)
  11 spiny frogs
  An efreet (D:15)
  A redback zombie (D:15)
  5 komodo dragons
  2 rime drakes
  4 yaktaurs
  A kobold demonologist (D:13)
  A komodo dragon (shapeshifter) (Elf:1)
  A jumping spider (shapeshifter) (Elf:1)
  A tengu conjurer (D:13)
  3 trolls
  9 polar bears (Lair:6)
  2 hornets
  4 raiju (Lair:6)
  13 blink frogs
  Grinder (D:5)
  8 dream sheep
  9 hippogriffs
  A vampire (D:13)
  2 shadows
  3 air elementals
  44 yaks
  2 wraiths
  4 water elementals
  A wyvern (D:10)
  Eustachio (D:5)
  A fire elemental (Elf:2)
  17 humans (D:14)
  7 basilisks
  5 fire bats (Volcano)
  2 vampire mosquitoes (D:12)
  A steam dragon (Lair:3)
  2 hungry ghosts
  10 wargs
  An acid dragon (D:11)
  13 porcupines
  9 water moccasins
  2 sky beasts
  34 orc warriors
  11 hell hounds (Lair:6)
  11 black bears (Lair:6)
  A hornet zombie (D:12)
  2 eyes of draining
  10 ogres
  27 wolves
  7 phantoms
  A necrophage (D:7)
  6 centaurs
  19 crocodiles
  A big kobold (D:8)
  19 bullfrogs
  4 earth elementals
  A wyvern zombie (D:14)
  A wyvern skeleton (D:14)
  4 scorpions
  9 wights
  5 killer bees (D:9)
  2 howler monkeys
  6 crimson imps
  5 lava snakes (Volcano)
  3 centaur zombies
  2 quasits
  Crazy Yiuf (D:2)
  20 orc priests
  7 hounds
  6 jellies
  3 bullfrog skeletons
  18 orc wizards
  4 centaur skeletons
  Jessica (D:2)
  6 iguanas
  13 worker ants
  A hell rat (Lair:6)
  A hound zombie (D:7)
  A worker ant zombie (D:9)
  A howler monkey skeleton (D:9)
  17 adders
  4 shadow imps
  An adder skeleton (D:5)
  5 worms
  3 dart slugs
  11 leopard geckos
  48 orcs
  3 giant cockroaches
  14 goblins
  4 hobgoblins
  12 jackals
  10 kobolds
  5 quokkas
  4 ball pythons
  6 bats
  5 frilled lizards
  A jackal zombie (D:6)
  A leopard gecko skeleton (D:5)
  A quokka skeleton (D:4)
  16 rats
853 creatures vanquished.

Vanquished Creatures (collateral kills)
  Aizul (Elf:1)
  A dancing weapon (Elf:2)
  A shadow imp (D:11)
3 creatures vanquished.

Vanquished Creatures (others)
  4 deep elf archers
  A blink frog (Lair:3)
  7 fungi
  27 plants
39 creatures vanquished.

Grand Total: 895 creatures vanquished

Notes
Turn   | Place    | Note
-------+----------+-------------------------------------------
     0 | D:1      | joejoepie the Deep Dwarf Fighter began the quest for the Orb.
     0 | D:1      | Reached XP level 1. HP: 20/20 MP: 1/1
    29 | D:1      | Reached XP level 2. HP: 24/27 MP: 2/2
   800 | D:2      | Noticed Jessica
   804 | D:2      | Killed Jessica
   804 | D:2      | Reached skill level 1 in Stealth
   804 | D:2      | Reached skill level 4 in Shields
   804 | D:2      | Reached XP level 3. HP: 20/34 MP: 3/3
  1082 | D:2      | Found a runed door.
  1167 | D:2      | Found a hide-covered altar of Uskayaw.
  1282 | D:2      | Noticed Crazy Yiuf
  1289 | D:2      | Killed Crazy Yiuf
  1289 | D:2      | Reached skill level 1 in Dodging
  1289 | D:2      | Reached XP level 4. HP: 19/42 MP: 4/4
  2004 | D:3      | Found a white marble altar of Elyvilon.
  2085 | D:3      | Found an ancient bone altar of Kikubaaqudgha.
  2243 | D:3      | Reached XP level 5. HP: 29/49 MP: 5/5
  2499 | D:4      | Noticed a phantom
  2594 | D:4      | Found a staircase to the Ecumenical Temple.
  2606 | Temple   | Entered the Ecumenical Temple
  2678 | Temple   | Became a worshipper of Makhleb the Destroyer
  2751 | D:4      | Noticed an ogre
  2761 | D:4      | Killed an ogre
  2761 | D:4      | Reached XP level 6. HP: 14/56 MP: 6/6
  3007 | D:4      | Reached skill level 1 in Maces & Flails
  3300 | D:4      | Reached skill level 5 in Shields
  3300 | D:4      | Reached XP level 7. HP: 36/63 MP: 7/7
  3441 | D:5      | Entered Level 5 of the Dungeon
  3447 | D:5      | Got an ichor-stained chain mail
  3448 | D:5      | Identified the +4 chain mail of Ennui {rN++ Int+8} (You found it on level 5 of the Dungeon)
  3651 | D:5      | Noticed Grinder
  3671 | D:5      | Killed Grinder
  3671 | D:5      | Reached skill level 5 in Armour
  3678 | D:5      | Reached skill level 1 in Throwing
  3793 | D:5      | Reached XP level 8. HP: 34/72 MP: 8/8
  3994 | D:5      | Noticed a moth of wrath
  3997 | D:5      | Found a bloodstained altar of Trog.
  4007 | D:5      | Reached * piety under Makhleb
  4118 | D:5      | Noticed Prince Ribbit
  4201 | D:5      | Found an opulent altar of Gozag.
  4287 | D:5      | Noticed Eustachio
  4311 | D:6      | Found an iron altar of Okawaru.
  4343 | D:5      | Killed Eustachio
  4343 | D:5      | Reached skill level 6 in Shields
  4630 | D:5      | Reached skill level 5 in Maces & Flails
  4996 | D:6      | Reached ** piety under Makhleb
  5200 | D:6      | Found a glowing golden altar of the Shining One.
  5303 | D:6      | Gained mutation: You passively map the area around you. [Deep Dwarf growth]
  5303 | D:6      | Reached XP level 9. HP: 58/79 MP: 9/9
  5442 | D:6      | Reached skill level 7 in Shields
  5554 | D:7      | Found a glowing silver altar of Zin.
  6454 | D:8      | Noticed a two-headed ogre
  6462 | D:8      | Killed a two-headed ogre
  6462 | D:8      | Reached skill level 5 in Fighting
  6596 | D:8      | Reached *** piety under Makhleb
  6621 | D:8      | Noticed a two-headed ogre
  6639 | D:8      | Killed a two-headed ogre
  6639 | D:8      | Reached skill level 8 in Shields
  6639 | D:8      | Reached XP level 10. HP: 62/88 MP: 10/10
  6731 | D:8      | Found a sacrificial altar of Ru.
  6731 | D:8      | Found a stormy altar of Qazlal.
  6833 | D:8      | Noticed an orc sorcerer
  6834 | D:8      | Noticed a wizard
  6834 | D:8      | Noticed a wizard
  6834 | D:8      | Noticed a sixfirhy
  6972 | D:8      | Killed a wizard
  6999 | D:8      | Killed a wizard
  7023 | D:8      | Killed an orc sorcerer
  7023 | D:8      | Reached skill level 10 in Maces & Flails
  7025 | D:8      | Got a clouded bronze ring
  7356 | D:9      | Found a shimmering altar of Xom.
  7428 | D:9      | Noticed a two-headed ogre
  7449 | D:9      | Killed a two-headed ogre
  7449 | D:9      | Reached skill level 9 in Shields
  7603 | D:9      | Found a bloodstained altar of Trog.
  7938 | D:9      | Found Gifebbul's Island Escapes.
  8062 | D:10     | Entered Level 10 of the Dungeon
  8107 | D:10     | Identified the ring "Hunogg" {rPois EV+2 Dex+3} (You took it off an orc sorcerer on level 8 of the Dungeon)
  8398 | D:10     | Reached **** piety under Makhleb
  8502 | D:11     | Found Lofuntot's Book Emporium.
  8528 | D:11     | Noticed bananaglory's ghost (journeyman DEFE)
  8542 | D:11     | Killed bananaglory's ghost
  8627 | D:11     | Reached XP level 11. HP: 42/99 MP: 8/8
  8752 | D:11     | Found Ixtaperauh's Changing Room.
  8753 | D:11     | Noticed Snorg
  9114 | D:10     | Found a staircase to the Lair.
  9208 | D:10     | Reached skill level 10 in Shields
  9340 | D:10     | Found a staircase to the Orcish Mines.
  9647 | D:11     | Reached ***** piety under Makhleb
  9667 | D:11     | Found Ytrampo's Antique Armour Boutique.
  9679 | D:11     | Bought a smoking large shield for 323 gold pieces
  9689 | D:11     | Identified the +6 large shield of Zyugg {rF++ Regen+ Dex+3 Stlth+} (You bought it in a shop on level 11 of the Dungeon)
  9766 | D:11     | Noticed a purple ugly thing
  9782 | D:11     | Killed a purple ugly thing
  9833 | D:11     | Found Sixesk's Food Shop.
  9849 | D:11     | Bought 3 fruits for 49 gold pieces
  9849 | D:11     | Bought a meat ration for 55 gold pieces
  9849 | D:11     | Bought a meat ration for 55 gold pieces
  9849 | D:11     | Bought 2 fruits for 33 gold pieces
  9849 | D:11     | Bought a royal jelly for 22 gold pieces
  9849 | D:11     | Bought a royal jelly for 22 gold pieces
  9849 | D:11     | Bought 2 fruits for 33 gold pieces
  9849 | D:11     | Bought a meat ration for 55 gold pieces
  9943 | D:11     | Found Ucwas's Food Shoppe.
  9948 | D:11     | Bought 2 fruits for 42 gold pieces
  9948 | D:11     | Bought a royal jelly for 28 gold pieces
  9948 | D:11     | Bought a royal jelly for 28 gold pieces
 10141 | D:11     | Gained mutation: You are partially covered in thin metallic scales. (AC +2) [potion of mutation]
 10141 | D:11     | Gained mutation: You have sharp toenails. [potion of mutation]
 10141 | D:11     | Gained mutation: Your skin changes colour to match your surroundings (Stealth+). [potion of mutation]
 10198 | D:12     | Noticed a two-headed ogre
 10219 | D:12     | Killed a two-headed ogre
 10288 | D:12     | Found a white marble altar of Elyvilon.
 10618 | D:12     | Reached skill level 11 in Shields
 11009 | D:12     | Noticed a two-headed ogre
 11021 | D:12     | Killed a two-headed ogre
 11021 | D:12     | Reached XP level 12. HP: 94/109 MP: 9/9
 11188 | Lair:1   | Entered Level 1 of the Lair of Beasts
 11360 | Lair:1   | Noticed Harold
 11377 | Lair:1   | Killed Harold
 11626 | Lair:1   | Noticed a seven-headed hydra
 11641 | Lair:1   | Killed a seven-headed hydra
 11929 | Lair:1   | Noticed an eight-headed hydra
 11948 | Lair:1   | HP: 3/110 [16-headed hydra (5)]
 11960 | Lair:1   | HP: 5/110 [18-headed hydra (1)]
 11969 | Lair:1   | Killed an 18-headed hydra
 11969 | Lair:1   | Reached skill level 12 in Shields
 11969 | Lair:1   | Reached skill level 1 in Invocations
 12292 | Lair:2   | Found a hole to the Spider Nest.
 12305 | Spider:1 | Entered Level 1 of the Spider Nest
 12706 | Lair:1   | Reached ****** piety under Makhleb
 13299 | Lair:3   | Reached skill level 13 in Shields
 13355 | Lair:3   | Found a dark tunnel.
 13362 | Volcano  | Entered a volcano
 13531 | Volcano  | Found a bloodstained altar of Trog.
 13531 | Volcano  | Noticed a centaur warrior
 13550 | Volcano  | Killed a centaur warrior
 13614 | Volcano  | Reached XP level 13. HP: 89/117 MP: 7/7
 14113 | Lair:3   | Found a glowing golden altar of the Shining One.
 14738 | Lair:4   | Reached skill level 14 in Shields
 14806 | Lair:4   | Found a staircase to the Shoals.
 15149 | Lair:4   | Identified the Incunabulum of Evil Moulding
 15156 | Lair:4   | Got a pair of slimy gloves
 15167 | Lair:4   | Identified the +1 pair of gloves of Edeusac {*Slow rF+ rC+ rCorr} (You found it on level 4 of the Lair of Beasts)
 15357 | Shoals:1 | Entered Level 1 of the Shoals
 16279 | Lair:6   | Entered Level 6 of the Lair of Beasts
 16350 | Lair:6   | Found a runed door.
 16351 | Lair:6   | Found a viscous altar of Jiyva.
 16351 | Lair:6   | Found a staircase to the Slime Pits.
 16613 | Lair:6   | Reached skill level 15 in Shields
 16683 | Lair:6   | HP: 4/121 [death yak (5)]
 16824 | Lair:6   | Gained mutation: You resist negative energy. (rN+) [Deep Dwarf growth]
 16824 | Lair:6   | Reached XP level 14. HP: 80/129 MP: 8/8
 16939 | Lair:6   | Noticed Nessos
 16985 | Lair:6   | Killed Nessos
 17368 | Lair:6   | Reached skill level 5 in Dodging
 17556 | Lair:6   | Reached skill level 16 in Shields
 18025 | Lair:6   | Got a brightly glowing battleaxe
 18031 | Lair:6   | Identified the +7 battleaxe of the Gloaming {chop, +Blink rElec MP-9 Str-4 Int+10} (You found it on level 6 of the Lair of Beasts)
 18186 | Lair:6   | Reached skill level 10 in Armour
 18347 | Slime:1  | Entered Level 1 of the Pits of Slime
 18347 | Slime:1  | Noticed an acid blob
 18347 | Slime:1  | Noticed an azure jelly
 18512 | Orc:1    | Entered Level 1 of the Orcish Mines
 18655 | Orc:2    | Entered Level 2 of the Orcish Mines
 18655 | Orc:2    | Noticed Nico3ck's ghost (journeyman FoFi)
 18710 | Orc:2    | Killed Nico3ck's ghost
 18865 | Orc:2    | Found a staircase to the Elven Halls.
 18968 | Orc:2    | Found Zosovit's Antique Weapon Emporium.
 19127 | Orc:2    | Bought a hand crossbow for 94 gold pieces
 19162 | Orc:2    | Found Kimapalo's Armour Shop.
 19184 | Orc:2    | Reached skill level 10 in Fighting
 19256 | Orc:2    | Reached XP level 15. HP: 46/138 MP: 8/8
 19385 | Orc:2    | Found Amuoloeh's Assorted Antiques.
 19389 | Orc:2    | Bought a +0 pair of boots of running for 409 gold pieces
 19389 | Orc:2    | Bought the cursed +0 plate armour of Jyduset {MP+9 Str+2 Dex+4} for 760 gold pieces
 19418 | Orc:2    | Found Xumaffuo's Food Shop.
 19420 | Orc:2    | Found Figimaa's Antique Weapon Emporium.
 20112 | D:13     | Noticed Maurice
 20119 | D:13     | Killed Maurice
 20119 | D:13     | Reached skill level 17 in Shields
 20869 | D:14     | Reached skill level 1 in Crossbows
 20965 | D:14     | Got a pitted flail
 20966 | D:14     | Identified the +8 flail of Satyriasis {crush, Dex+2} (You found it on level 14 of the Dungeon)
 21038 | D:14     | Found a gate to the Vaults.
 21054 | D:14     | Reached skill level 15 in Maces & Flails
 21461 | D:15     | Entered Level 15 of the Dungeon
 22394 | D:15     | Found a staircase to the Depths.
 22658 | Elf:1    | Entered Level 1 of the Elven Halls
 22670 | Elf:1    | Reached skill level 18 in Shields
 23340 | Elf:1    | Found a frozen archway.
 23470 | Elf:1    | Noticed Aizul
 23491 | Elf:1    | Killed Aizul
 23617 | Elf:2    | Reached XP level 16. HP: 84/148 MP: 9/9
 24129 | Elf:2    | Found a roughly hewn altar of Beogh.
 24287 | Elf:2    | Reached skill level 19 in Shields
 24554 | Elf:2    | Found a huge runed gate.
 24554 | Elf:2    | Found a huge runed gate.
 24555 | Elf:2    | Found a huge runed gate.
 25272 | Elf:3    | Entered Level 3 of the Elven Halls
 25514 | Elf:3    | Noticed Roxanne
 25564 | Elf:3    | Killed Roxanne
 25637 | Elf:3    | Found a portal to a secret trove of treasure.
 25637 | Elf:3    | Noticed Bai Suzhen
 25671 | Elf:3    | Killed Bai Suzhen
 25671 | Elf:3    | Reached skill level 20 in Shields
 25671 | Elf:3    | Reached XP level 17. HP: 75/159 MP: 9/9
 25885 | Elf:3    | Noticed a deep elf blademaster
 25900 | Elf:3    | Noticed a Brimstone Fiend
 25908 | Elf:3    | Noticed a deep elf master archer
 25917 | Elf:3    | Noticed a deep elf master archer
 25976 | Elf:2    | HP: 2/159 [deep elf mage/bolt of lightning (20)]
 25994 | Elf:2    | Killed from afar by a deep elf mage

Skill      XL: |  1  2  3  4  5  6  7  8  9 10 11 12 13 14 15 16 17 |
---------------+----------------------------------------------------+-----
Fighting       | 3 4 5 6 7 8 9 10 11 | 11.7
Stealth        | 1 2 |  2.4
Shields        | 4 5 6 8 9 11 13 15 16 18 20 | 20.2
Axes           | 3 4 |  4.4
Dodging        | 1 2 3 4 6 |  6.9
Armour         | 4 5 6 7 8 9 10 11 12 | 12.0
Maces & Flails | 2 4 6 9 10 12 13 14 15 | 15.9
Throwing       | 1 2 3 |  3.3
Invocations    | 1 |  1.8
Crossbows      | 1 |  1.4
Evocations     | |  0.3

Action                   |  1- 3 |  4- 6 |  7- 9 | 10-12 | 13-15 | 16-18 || total
-------------------------+-------+-------+-------+-------+-------+-------++-------
Melee: War axe           |   104 |   193 |       |    11 |       |       ||   308
       Flail             |       |    80 |   407 |  1296 |  2244 |   722 ||  4749
 Fire: Hand crossbow     |       |       |       |       |    16 |       ||    16
Throw: Tomahawk          |       |     4 |    17 |    18 |     8 |    26 ||    73
       Throwing net      |       |       |       |     4 |       |       ||     4
Invok: Lesser Servant of |       |       |       |     2 |     2 |       ||     4
       Minor Destruction |       |       |       |     1 |       |       ||     1
       Major Destruction |       |       |       |     1 |       |       ||     1
       Greater Servant o |       |       |       |       |     1 |       ||     1
 Abil: Heal Wounds       |       |     2 |     3 |    12 |    10 |     7 ||    34
Evoke: Wand              |       |       |       |     1 |     1 |       ||     2
  Use: Scroll            |     2 |     3 |    13 |     9 |    12 |     4 ||    43
       Potion            |     2 |     4 |     4 |     5 |    15 |     1 ||    31
 Stab: Held in net/web   |       |       |       |     1 |       |       ||     1
       Sleeping          |       |       |       |     1 |       |       ||     1
       Invisible         |       |       |       |       |     1 |       ||     1
  Eat: Chunk             |     1 |     8 |    11 |    21 |    25 |     8 ||    74
       Bread ration      |       |       |       |     1 |     1 |       ||     2
       Fruit             |       |       |       |       |     6 |     1 ||     7
Armor: Scale mail        |    43 |       |       |       |       |       ||    43
       Plate armour      |     1 |   179 |       |       |   158 |   165 ||   503
       Chain mail        |       |       |   196 |   771 |   686 |       ||  1653
Dodge: Dodged            |    31 |    50 |   117 |   258 |   472 |    58 ||   986
Block: Shield            |    66 |   165 |   201 |   273 |       |       ||   705
       Large shield      |       |       |       |   938 |  2587 |   780 ||  4305
       Reflection        |       |       |       |       |    13 |    57 ||    70
